 Dungeon Crawl Stone Soup version 0.29.0-4-gdea44cf6ec (webtiles) character file.

Game seed: 2067346952674771563

21 qw the Chopper (level 2, -1/17 HPs)
             Began as a Tengu Warper on Aug 28, 2022.
             Succumbed to their own poison gas
             ... on level 1 of the Dungeon.
             The game lasted 00:00:04 (1093 turns).

qw the Chopper (Tengu Warper)                       Turns: 1093, Time: 00:00:04

Health: -1/17      AC:  4    Str: 10 (11) XL:     2   Next: 87%
Magic:  6/6        EV: 11    Int: 10 (13) God:
Gold:   38         SH:  0    Dex: 12 (13) Spells: 5/5 levels left

rFire   . . .      SeeInvis .   Y - +0 hand axe
rCold   . . .      Faith    .   (no shield)
rNeg    . . .      Spirit   .   b - +0 leather armour
rPois   .          Reflect  .   (helmet restricted)
rElec   .          Harm     .   e - +0 cloak
rCorr   .          Rampage  .   (no gloves)
Will    .....                   (boots unavailable)
Stlth   +.........              (no amulet)
HPRegen 0.05/turn               (no ring)
MPRegen 0.10/turn               (no ring)

@: lethally poisoned (-1 -> -12)
A: beak, talons 3
a: no special abilities


You were on level 1 of the Dungeon.
You visited 1 branch of the dungeon, and saw 1 of its levels.

You collected 38 gold pieces.


Innate Abilities, Weirdness & Mutations

You have a beak for a mouth.
You have claws for feet.


   Skills:
 - Level 2.0 Fighting
 + Level 3.6 Axes
 - Level 1.0 Throwing
 - Level 1.1 Armour
 - Level 2.1 Dodging
 - Level 2.0 Spellcasting
 - Level 2.4 Translocations


You had 5 spell levels left.
You didn't know any spells.
Your spell library contained the following spells:

 Spells                   Type           Power      Damage    Failure   Level
 Blink                    Tloc           10%        N/A       24%         2
 Gell's Gravitas          Tloc           5%         N/A       43%         3
 Lesser Beckoning         Tloc           5%         N/A       43%         3
 Teleport Other           Tloc           5%         N/A       43%         3
 Manifold Assault         Tloc           5%         N/A       99%         5

Inventory:

Hand Weapons
 d - a +0 mace
 Y - a +0 hand axe (weapon)
Missiles
 i - 6 boomerangs (quivered)
Armour
 b - a +0 leather armour (worn)
 e - a +0 cloak (worn)
Scrolls
 g - a scroll of identify
Potions
 h - a potion of haste {unknown}
 j - a potion of heal wounds {unknown}

Dungeon Overview and Level Annotations

Branches:
Dungeon (1/15)

Altars:


Message History

1085 ||| READING 2 scrolls labelled VIOMIF TEAB.
As you read the scroll labelled VIOMIF TEAB, it crumbles to dust.
It is a scroll of identify.
Really abort (and waste the scroll)?
Done exploring.
1086 ||| READING scroll labelled ITRIRO GESOD.
The air fills with toxic fumes!
As you read the scroll labelled ITRIRO GESOD, it crumbles to dust.
It was a scroll of poison.
Done exploring.
1087 ||| READING scroll labelled BUJIBUE FYMA.
As you read the scroll labelled BUJIBUE FYMA, it crumbles to dust.
It is a scroll of amnesia.
You feel forgetful for a moment.
Done exploring.
1088 ||| DRINKING 2 fuming pink potions.
It was a potion of degeneration.
There was something very wrong with that liquid.
You feel weakened.
You feel dopey.
You feel clumsy.
Done exploring.
1089 ||| DROPPING scroll of blinking.
You drop a scroll of blinking.
Done exploring.
1090 ||| DROPPING potion of degeneration.
You drop a potion of degeneration.
Done exploring.
(D) Dungeon
Where to? (* - list waypoints, ? - help)
What level of the Dungeon? (default 1, ? - help) Sorry, I don't know how to get there.
Done exploring.
1091 ||| Stepping randomly (stuck).
Really walk into that cloud of poison gas?
You are engulfed in poison gas.
You are lethally poisoned!
Ouch! That really hurt!
You feel very sick.
1092 ||| Stepping ~*~*~tactically~*~*~ (cloud).
You feel very sick.
Things that are here:
a potion of degeneration; a scroll of blinking
There is a lethal amount of poison in your body!
You die...

#.# #.###......(...###...#
#.#####.##.....#...#.# ##.##
#.##...>###..........# #.#
#.##.##.# ##.######### #.#
##.##.##.# #.# #.# #.....##.#
#¤# #.# #........# ##¤## #.#
#.##########¤¤0## ##.## #.###
##¤¤¤¤@## ###...# #.#.##
##¤¤¤¤0¤0## ##.#...#
##....####¤¤0¤0¤00¤####......#
.........+¤00¤00¤0¤+.......###
##....####¤¤¤¤0¤¤0¤###.....#
#.#.## ##¤0¤¤0¤¤## #.#.###
#.### ##¤¤0¤¤## #.### #.#
##...## #.# ##.###### ##+##
#.#


There were no monsters in sight!

Vanquished Creatures
  2 ball pythons (D:1)
  2 endoplasms (D:1)
  2 goblins (D:1)
  2 hobgoblins (D:1)
  3 jackals (D:1)
  4 bats (D:1)
  2 kobolds (D:1)
  A rat (D:1)
18 creatures vanquished.

Notes
Turn   | Place    | Note
-------+----------+-------------------------------------------
     0 | D:1      | qw the Tengu Warper began the quest for the Orb.
     0 | D:1      | Reached XP level 1. HP: 12/12 MP: 4/4
     0 | D:1      | 0 ||| qw: Version: 0.1-a-89-g26bdef1
     0 | D:1      | 0 ||| qw: Game counter: 2810
     0 | D:1      | 0 ||| qw: Always use a shield: true
     0 | D:1      | 0 ||| qw: God list: Okawaru
     0 | D:1      | 0 ||| qw: Allow faded altars: false
     0 | D:1      | 0 ||| qw: Do Orc after D:15 true
     0 | D:1      | 0 ||| qw: Do second Lair branch before Depths: true
     0 | D:1      | 0 ||| qw: Lair rune preference: random
     0 | D:1      | 0 ||| qw: Plans: Normal
     0 | D:1      | 0 ||| PLANNING D:1-11
    69 | D:1      | 69 ||| Stepping ~*~*~tactically~*~*~ (stealth).
    77 | D:1      | 77 ||| Stepping ~*~*~tactically~*~*~ (stealth).
   105 | D:1      | 105 ||| Stepping ~*~*~tactically~*~*~ (stealth).
   106 | D:1      | 106 ||| Stepping ~*~*~tactically~*~*~ (stealth).
   148 | D:1      | 148 ||| Stepping ~*~*~tactically~*~*~ (stealth).
   150 | D:1      | 150 ||| Stepping ~*~*~tactically~*~*~ (stealth).
   443 | D:1      | Reached skill level 3 in Axes
   443 | D:1      | Reached XP level 2. HP: 15/17 MP: 6/6
  1076 | D:1      | 1076 ||| DROPPING +0 club.
  1077 | D:1      | 1077 ||| UPGRADING to +0 cloak.
  1082 | D:1      | 1082 ||| READING scroll labelled ISEZI JINWAMN.
  1085 | D:1      | 1085 ||| READING 2 scrolls labelled VIOMIF TEAB.
  1086 | D:1      | 1086 ||| READING scroll labelled ITRIRO GESOD.
  1087 | D:1      | 1087 ||| READING scroll labelled BUJIBUE FYMA.
  1088 | D:1      | 1088 ||| DRINKING 2 fuming pink potions.
  1089 | D:1      | 1089 ||| DROPPING scroll of blinking.
  1090 | D:1      | 1090 ||| DROPPING potion of degeneration.
  1091 | D:1      | 1091 ||| Stepping randomly (stuck).
  1091 | D:1      | HP: 4/17 [poisoned by you (poison gas)]
  1092 | D:1      | 1092 ||| Stepping ~*~*~tactically~*~*~ (cloud).
  1092 | D:1      | HP: 1/17 [poisoned by you (poison gas)]
  1093 | D:1      | Succumbed to their own poison gas

Levels and vault maps discovered:
D:1:      dpeg_arrival_three_bigger_balls, layout_loops_corners

Skill      XL: |  1 |
---------------+----+-----
Axes           | 3 |  3.6
Fighting       | |  2.0
Throwing       | |  1.0
Armour         | |  1.1
Dodging        | |  2.1
Spellcasting   | |  2.0
Translocations | |  2.4

Action                   || total
-------------------------++-------
Melee: Hand axe          ||    34
       Kick              ||     5
       Peck              ||     4
Throw: Boomerang         ||    17
  Use: Scroll            ||     4
       Potion            ||     1
Armor: Leather armour    ||    17
Dodge: Dodged            ||    30

Table legend:
 A = Non-vault XP
 B = Vault XP
 C = Vault XP percentage of total XP
 D = Non-vault monster count
 E = Vault monster count
 F = Vault count percentage of total count
                 A         B        C        D         E       F
            +---------+---------+-------+---------+---------+-------
      Total |      31 |       0 |   0.0 |      18 |       0 |   0.0
            +---------+---------+-------+---------+---------+-------
        D:1 |      31 |       0 |   0.0 |      18 |       0 |   0.0
            +---------+---------+-------+---------+---------+-------
